 Dungeon Crawl Stone Soup version 0.30-a0-782-ge64f9170bb (webtiles) character file.

Game seed: 17731482645395849110

11564 mopl the Basher (level 12, -15/103 HPs)
             Began as a Meteoran Berserker on Mar 10, 2023.
             Was an Elder of Trog.
             Demolished by a komodo dragon (21 damage)
             ... on level 2 of the Lair of Beasts.
             The game lasted 00:24:34 (5169 turns).

mopl the Basher (Meteoran Berserker)                Turns: 5169, Time: 00:24:35

Health: -15/103    AC: 15    Str: 23    XL:     12   Next: 36%
Magic:  0/13       EV: 15    Int:  9    God:    Trog [****..]
Gold:   301        SH:  7    Dex: 15    Spells: 11/11 levels left

rFire   + . .      SeeInvis .    C - +5 flail
rCold   . . .      Faith    .    E - +0 kite shield
rNeg    . . .      Spirit   +    N - +1 chain mail {rF+}
rPois   +          Reflect  .    S - +1 helmet
rElec   .          Harm     .    K - +0 cloak
rCorr   .          Rampage  .    (no gloves)
Will    +....                    (no boots) Stlth
                                 v - amulet of guardian spirit
HPRegen 0.37/turn                y - ring of poison resistance
MPRegen 0.13/turn                b - +5 ring of evasion

@: on berserk cooldown, slowed, glowing, very slow
A: sense surroundings 2, otherworldly, glowing, explore regen
a: Renounce Religion, Berserk, Trog's Hand, Brothers in Arms


You were on level 2 of the Lair of Beasts.
You worshipped Trog.
Trog was greatly pleased with you.
You visited 2 branches of the dungeon, and saw 10 of its levels.

You collected 385 gold pieces.
You spent 84 gold pieces at shops.

Inventory:

Hand Weapons
 C - a +5 flail (weapon)
Missiles
 d - 6 curare-tipped darts (quivered)
 m - a throwing net
 u - 16 poisoned darts
 J - 11 boomerangs
Armour
 E - a +0 kite shield (worn)
 K - a +0 cloak (worn)
 N - a +1 chain mail of fire resistance (worn)
 S - a +1 helmet (worn)
Jewellery
 b - a +5 ring of evasion (right hand)
 h - a ring of see invisible
 v - an amulet of guardian spirit (around neck)
 x - a +6 ring of strength
 y - a ring of poison resistance (left hand)
 z - a ring of protection from fire
 X - a ring of protection from cold
Wands
 q - a wand of flame (12)
 A - a wand of polymorph (8)
 T - a wand of iceblast (4)
Scrolls
 c - 13 scrolls of identify {unknown}
 f - 2 scrolls of immolation {unknown}
 g - 4 scrolls of vulnerability {unknown}
 l - 3 scrolls of enchant weapon {unknown}
 n - 4 scrolls of fear
 o - 3 scrolls of enchant armour {unknown}
 p - a scroll of blinking {unknown}
 r - 2 scrolls of summoning {unknown}
 D - a scroll of teleportation {unknown}
 G - a scroll of fog {unknown}
 I - a scroll of magic mapping {unknown}
 L - a scroll of amnesia {unknown}
 P - a scroll of torment {unknown}
 Q - a scroll of noise {unknown}
 U - 3 scrolls of silence {unknown}
Potions
 i - 6 potions of curing {unknown}
 j - 2 potions of heal wounds {unknown}
 k - 5 potions of attraction {unknown}
 s - a potion of flight {unknown}
 F - a potion of magic {unknown}
 H - a potion of haste {unknown}
 O - a potion of lignification {!q}
 R - a potion of ambrosia {unknown}
 V - a potion of berserk rage {unknown}
 W - 3 potions of might


   Skills:
 + Level 8.4 Fighting
 * Level 13.5 Maces & Flails
 + Level 8.3 Throwing
 + Level 8.6 Armour
 + Level 8.8 Dodging
 + Level 7.9 Evocations


You had 11 spell levels left.
You didn't know any spells.
Your spell library was empty.

Dungeon Overview and Level Annotations

Branches:
Dungeon (8/15) Zot: 151    Temple (0/1) D:5            Lair (2/5) D:8 Zot: 564
 Shoals (0/4) Lair:2        Snake (0/4) Lair:2

Altars:
Ashenzari
Gozag
Hepliaklqana
Makhleb
Okawaru
Trog
Uskayaw

Shops:
D:1 [   D:2 *([([   D:7 *


Innate Abilities, Weirdness & Mutations

You passively map the area around you.
You are easily found by Zot.
You glow in the dark.
You regain HP and MP as you explore.


Message History

You are too injured to fight recklessly!
You are too injured to fight recklessly!
You are too injured to fight recklessly!
You are too injured to fight recklessly!
You hit the komodo dragon.
The komodo dragon is lightly wounded.
You are no longer berserk.
You are exhausted.
You feel yourself slow down. The komodo dragon bites you!
You hit the komodo dragon but do no damage.
The komodo dragon is lightly wounded.
The komodo dragon completely misses you.
You sock the komodo dragon!
The komodo dragon is moderately wounded.
The wyvern hisses menacingly.
The komodo dragon bites you!
* * * LOW HITPOINT WARNING * * *
You thump the komodo dragon!
The komodo dragon is heavily wounded.
The wyvern bites you.
* * * LOW HITPOINT WARNING * * *
The komodo dragon barely misses you. The wyvern bites you.
* * * LOW HITPOINT WARNING * * *
You barely miss the komodo dragon.
The komodo dragon is heavily wounded.
The wyvern bites you but does no damage.
The komodo dragon barely misses you. The wyvern bites you.
* * * LOW HITPOINT WARNING * * *
You block the komodo dragon's attack.
You hit the komodo dragon but do no damage.
The komodo dragon is heavily wounded.
The wyvern bites you!
* * * LOW HITPOINT WARNING * * *
The wyvern misses you.
The komodo dragon hisses menacingly.
The komodo dragon barely misses you. The wyvern bites you!
* * * LOW HITPOINT WARNING * * *
Okay, then.
You block the wyvern's attack. The komodo dragon bites you!!
You die...

* ,, #..# *....... , ,
##...*,....... **, ,
###....*#....... *
#P.....#........ ,
...........>... * **, ##.
#.....#....... ,
#######..##.>.#††.......,
* #.....#.........l...../.
#.♣♣♣.#........@l.......
#.♣ ♣.#................. *
#.♣ ♣.#......^.......... *
♣#.♣ ♣.#.................
.#.♣♣♣.#.................
.♣.....#..........#....##*
* .†..♣..................#
†♣.....#...............# *
.#.♣♣♣.#..........##


You could see a komodo dragon and a wyvern.

Vanquished Creatures
  Pikel (D:5)
  4 elephants (Lair:2)
  A black mamba (Lair:1)
  A water nymph (Lair:2)
  Maggie (D:6)
  5 komodo dragons
  8 blink frogs
  6 yaks
  A basilisk (Lair:2)
  A steam dragon (Lair:2)
  4 vampire mosquitoes (D:7)
  Menkaure (D:6)
  An acid dragon (D:8)
  Duvessa (D:6)
  9 water moccasins
  A black bear (D:5)
  2 sky beasts (D:7)
  3 ice beasts
  3 ogres
  A centaur (D:8)
  Blork the orc (D:5)
  A kobold brigand (D:7)
  4 scorpions
  7 bullfrogs
  A necrophage (D:6)
  A gnoll sergeant (D:5)
  10 killer bees (D:8)
  2 hounds (D:5)
  A jelly (D:6)
  Crazy Yiuf (D:5)
  4 orc priests
  8 iguanas
  8 orc wizards
  4 gnolls (D:2)
  7 adders
  2 white imps (D:7)
  A worm (D:2)
  2 dart slugs
  24 orcs
  3 endoplasms
  5 giant cockroaches
  17 goblins
  4 hobgoblins
  8 jackals
  10 kobolds
  10 quokkas
  8 ball pythons
  3 bats
  2 frilled lizards (D:2)
  4 rats
218 creatures vanquished.

Vanquished Creatures (others)
  A black bear (Lair:2)
  Dowan (D:6)
  9 fungi
  13 plants
24 creatures vanquished.

Grand Total: 242 creatures vanquished

Notes
Turn   | Place    | Note
-------+----------+-------------------------------------------
     0 | D:1      | mopl the Meteoran Berserker began the quest for the Orb.
     0 | D:1      | Reached XP level 1. HP: 19/19 MP: 2/2
    65 | D:1      | Found Delit's Armour Shoppe.
    81 | D:1      | Reached XP level 2. HP: 26/26 MP: 3/3
   218 | D:1      | Reached XP level 3. HP: 29/31 MP: 4/4
   379 | D:1      | Reached ** piety under Trog
   491 | D:1      | Glimpsed the power of Zot.
   556 | D:2      | Reached skill level 1 in Throwing
   648 | D:2      | Found Axun's General Store.
   652 | D:2      | Found Qeocwois's Antique Armour Shoppe.
   673 | D:2      | Reached skill level 3 in Dodging
   673 | D:2      | Reached XP level 4. HP: 39/40 MP: 5/5
   684 | D:2      | Found Mevu's Weapon Shop.
   694 | D:2      | Found Vorib's Weapon Emporium.
   754 | D:2      | Reached skill level 5 in Maces & Flails
   757 | D:2      | Reached skill level 3 in Armour
   759 | D:2      | HP: 1/60 [gnoll/+0 club (9)]
   762 | D:2      | Reached XP level 5. HP: 2/46 MP: 6/6
   783 | D:2      | Found Zuptyti's Antique Armour Boutique.
  1309 | D:3      | Noticed an ogre
  1330 | D:3      | Killed an ogre
  1331 | D:3      | Reached skill level 4 in Fighting
  1331 | D:3      | Reached skill level 2 in Throwing
  1331 | D:3      | Reached XP level 6. HP: 52/52 MP: 7/7
  1597 | D:4      | Reached skill level 6 in Maces & Flails
  1683 | D:4      | Found an opulent altar of Gozag.
  1693 | D:4      | Found a hide-covered altar of Uskayaw.
  1804 | D:4      | Reached skill level 1 in Evocations
  1819 | D:4      | Reached XP level 7. HP: 58/59 MP: 8/8
  2156 | D:5      | Entered Level 5 of the Dungeon
  2167 | D:5      | Noticed Pikel
  2187 | D:5      | Noticed Blork the orc
  2189 | D:5      | Killed Pikel
  2190 | D:5      | Reached skill level 7 in Maces & Flails
  2190 | D:5      | Reached skill level 3 in Throwing
  2190 | D:5      | Reached skill level 4 in Armour
  2190 | D:5      | Reached skill level 4 in Dodging
  2190 | D:5      | Reached skill level 2 in Evocations
  2190 | D:5      | Reached XP level 8. HP: 67/67 MP: 9/9
  2266 | D:5      | Reached skill level 4 in Throwing
  2272 | D:5      | Reached *** piety under Trog
  2279 | D:5      | Reached skill level 5 in Fighting
  2390 | D:5      | Found a hazy altar of Hepliaklqana.
  2393 | D:5      | Found a faded altar of an unknown god.
  2466 | D:5      | Reached skill level 3 in Evocations
  2497 | D:5      | Reached skill level 8 in Maces & Flails
  2497 | D:5      | Reached skill level 5 in Dodging
  2498 | D:5      | Killed Blork the orc
  2499 | D:5      | Gained mutation: You passively map the area around you.
                  | [Meteoran growth]
  2499 | D:5      | Reached XP level 9. HP: 74/74 MP: 10/10
  2558 | D:5      | Reached skill level 5 in Armour
  2599 | D:5      | Found a staircase to the Ecumenical Temple.
  2705 | D:5      | Reached skill level 4 in Evocations
  2728 | D:5      | Reached skill level 9 in Maces & Flails
  2728 | D:5      | Reached skill level 5 in Throwing
  2766 | D:5      | Found a runed translucent door.
  2767 | D:5      | Noticed Crazy Yiuf
  2773 | D:5      | Killed Crazy Yiuf
  3022 | D:6      | Noticed Menkaure
  3028 | D:6      | Killed Menkaure
  3029 | D:6      | Reached skill level 6 in Fighting
  3058 | D:6      | Reached skill level 6 in Dodging
  3096 | D:6      | Noticed Dowan
  3096 | D:6      | Noticed Maggie
  3105 | D:6      | Killed Dowan
  3117 | D:6      | Killed Maggie
  3118 | D:6      | Reached skill level 6 in Armour
  3118 | D:6      | Reached XP level 10. HP: 36/83 MP: 2/11
  3126 | D:6      | Noticed Duvessa
  3136 | D:6      | Killed Duvessa
  3137 | D:6      | Reached skill level 5 in Evocations
  3218 | D:7      | Found Retixta's General Store.
  3227 | D:7      | Bought a scroll of fear for 48 gold pieces
  3227 | D:7      | Bought a potion of lignification for 36 gold pieces
  3365 | D:7      | Found a bloodstained altar of Trog.
  3374 | D:7      | Found a burning altar of Makhleb.
  3375 | D:7      | Found an iron altar of Okawaru.
  3403 | D:7      | Reached skill level 10 in Maces & Flails
  3533 | D:7      | Reached skill level 6 in Throwing
  3671 | D:7      | Reached skill level 7 in Dodging
  3936 | D:8      | Found a broken altar of Ashenzari.
  3951 | D:8      | Reached skill level 11 in Maces & Flails
  3962 | D:8      | Reached **** piety under Trog
  4060 | D:8      | Found a staircase to the Lair.
  4064 | D:8      | Reached skill level 7 in Armour
  4068 | D:8      | Reached skill level 7 in Fighting
  4073 | D:8      | Reached skill level 6 in Evocations
  4351 | D:8      | Reached XP level 11. HP: 67/92 MP: 9/12
  4546 | Lair:1   | Entered Level 1 of the Lair of Beasts
  4546 | Lair:1   | Noticed a black mamba
  4556 | Lair:1   | Killed a black mamba
  4587 | Lair:1   | Reached skill level 7 in Throwing
  4704 | Lair:1   | Reached skill level 12 in Maces & Flails
  4759 | Lair:1   | Reached skill level 8 in Dodging
  4805 | Lair:1   | Reached skill level 7 in Evocations
  4939 | Lair:2   | Noticed a water nymph
  4947 | Lair:2   | Killed a water nymph
  4948 | Lair:2   | Reached skill level 8 in Armour
  5007 | Lair:2   | Reached skill level 8 in Fighting
  5064 | Lair:2   | Noticed an elephant
  5068 | Lair:2   | Killed an elephant
  5068 | Lair:2   | Noticed an elephant
  5069 | Lair:2   | Reached skill level 13 in Maces & Flails
  5069 | Lair:2   | Reached skill level 8 in Throwing
  5069 | Lair:2   | Reached XP level 12. HP: 101/101 MP: 10/13
  5136 | Lair:2   | Found a staircase to the Snake Pit.
  5168 | Lair:2   | HP: 3/103 [wyvern (11)]
  5169 | Lair:2   | Demolished by a komodo dragon

Illustrated notes

Levels and vault maps discovered:
D:1:      dpeg_arrival_subterranean_lakeside_camping, layout_loops_corners,
          serial_shops, shop, minivault_5
D:2:      layout_basic, serial_shops, nicolae_shop_statue_plus,
          nicolae_shop_window_shopping, nicolae_shop_statue_plus, shop, shop
D:3:      layout_loops_ring, minmay_ogre_servants
D:4:      layout_loops_ring, kennysheep_little_box,
          nicolae_uskayaw_murder_on_the_dancefloor, minmay_misc_feat_tiny,
          nicolae_figureground_pulse
D:5:      layout_cave_pools, marbit_many_paths,
          beargit_hepliaklqana_dungeon_heroes, minmay_temple_entry_glass,
          minmay_fractal_squares_diagonal_5, uniq_blork_the_orc, uniq_pikel,
          uniq_crazy_yiuf_cottage
D:6:      layout_cave_pools, uniq_duvessa, uniq_maggie, uniq_menkaure
D:7:      layout_cave_pods, minitemple, serial_shops, nicolae_square_shop,
          hangedman_minor_gate_pass
D:8:      layout_basic, nicolae_overflow_crystal_walls, dpeg_oklobed_lair
Lair:1:   layout_misc_corridors
Lair:2:   nzn_winding_woodlands_three_and_one
          [nzn_winding_woodlands_5x15_concentric,
          nzn_winding_woodlands_5x15_cabin, nzn_winding_woodlands_5x15_jagged,
          nzn_winding_woodlands_center_lodge], layout_gridlike,
          nicolae_shoals_entry_flooding, serial_bayou_pond_b,
          infiniplex_staircase_pool, serial_bayou_shore_b

Skill      XL: |  1  2  3  4  5  6  7  8  9 10 11 |
---------------+----------------------------------+-----
Throwing       | 1 2 3 4 5 6 8 |  8.3
Dodging        | 3 4 5 6 7 8 |  8.8
Maces & Flails | 5 6 7 8 9 11 13 | 13.5
Armour         | 3 4 6 7 8 |  8.6
Fighting       | 4 5 6 7 8 |  8.4
Evocations     | 1 2 3 4 6 7 |  7.9

Action                     |  1- 3 |  4- 6 |  7- 9 | 10-12 || total
---------------------------+-------+-------+-------+-------++-------
  Melee: Mace              |    21 |       |       |       ||    21
         Whip              |    49 |   136 |   105 |       ||   290
         Punch             |       |     2 |     3 |       ||     5
         Flail             |       |       |   133 |   391 ||   524
 Invoke: Berserk           |     1 |     3 |     6 |     9 ||    19
         Trog's Hand       |       |       |     1 |       ||     1
   Stab: Sleeping          |     1 |       |       |       ||     1
 Armour: Animal skin       |    13 |     3 |       |       ||    16
         Ring mail         |       |    21 |    35 |       ||    56
         Chain mail        |       |       |    43 |   198 ||   241
  Dodge: Dodged            |    26 |    78 |   141 |   193 ||   438
  Block: Kite shield       |       |       |    41 |   134 ||   175

Table legend: (Time is in decaauts)
 A = Elapsed time spent in this place.
 B = Non-inter-level travel time spent in this place.
 C = Inter-level travel time spent in this place.
 D = Time resting spent in this place.
 E = Time spent auto-exploring this place.
 F = Levels seen in this place.
 G = Mean time per level.
                   A        B        C        D        E       F      G
               +--------+--------+--------+--------+--------+-----+--------+
         Total |   5282 |   4798 |    484 |      0 |      0 |  10 |  528.2 |
       Dungeon |   4648 |   4182 |    466 |      0 |      0 |   8 |  581.0 |
          Lair |    633 |    616 |     17 |      0 |      0 |   2 |  316.5 |
               +--------+--------+--------+--------+--------+-----+--------+

Top non-repeatable levels by time:
     D:8: 787 daAuts
     D:5: 667 daAuts
     D:4: 620 daAuts
     D:7: 614 daAuts
     D:1: 544 daAuts
     D:3: 525 daAuts
     D:2: 513 daAuts
     D:6: 375 daAuts
  Lair:1: 374 daAuts
  Lair:2: 259 daAuts
